 Dungeon Crawl Stone Soup version 0.27-a0-797-g27d10ad80f (webtiles) character file.

Game seed: 14604573245198340391

1360 sahdkjhfkaj the Skirmisher (level 8, -4/64 HPs)
             Began as a Demonspawn Gladiator on Mar 27, 2021.
             Was an Initiate of Makhleb.
             Succumbed to an orc wizard's poison
             ... on level 6 of the Dungeon.
             The game lasted 00:14:45 (7510 turns).

sahdkjhfkaj the Skirmisher (Demonspawn Gladiator)   Turns: 7510, Time: 00:14:45

Health: -4/64      AC: 20    Str: 17    XL:     8   Next: 37%
Magic:  8/8        EV:  6    Int: 10    God:    Makhleb [......]
Gold:   352        SH:  0    Dex: 14    Spells: 7/7 levels left

rFire    . . .     SeeInvis .   a - +0 quarterstaff
rCold    . . .     Faith    +   (shield currently unavailable)
rNeg     . . .     Spirit   .   k - +0 plate armour
rPois    .         Reflect  .   f - +0 helmet
rElec    .         Harm     .   (no cloak)
rCorr    .         Rampage  .   (no gloves)
Will     .....                  h - +0 pair of boots
Stlth    ..........             u - amulet of faith
HPRegen  0.20/turn              r - +4 ring of protection
MPRegen  0.11/turn              (no ring)

@: mighty, lethally poisoned (-4 -> -24)
A: hooves 1, thin metallic scales 1, powered by pain 2
a: Renounce Religion


You were on level 6 of the Dungeon.
You worshipped Makhleb.
Makhleb was noncommittal.
You visited 2 branches of the dungeon, and saw 7 of its levels.

You collected 352 gold pieces.

Inventory:

Hand Weapons
 a - a +0 quarterstaff (weapon)
 b - the +1 falchion "Refesmya" {protect, rElec rF+ Str+3}
   (You found it on level 4 of the Dungeon)

   It grants its wielder temporary protection when it strikes (+7 to AC).
   It affects your strength (+3).
   It protects you from fire.
   It insulates you from electricity.
Missiles
 d - a throwing net
Armour
 f - a +0 helmet (worn)
 h - a +0 pair of boots (worn)
 k - a +0 plate armour (worn)
Jewellery
 r - a +4 ring of protection (left hand)
 u - an amulet of faith (around neck)
 v - a ring of resist corrosion
Wands
 s - a wand of random effects (23)
Scrolls
 g - 2 scrolls of teleportation
 l - a scroll of fog
 o - a scroll of identify
 p - 3 scrolls of enchant armour {unknown}
Potions
 c - a potion of invisibility
 e - 2 potions of attraction {unknown}
 i - a potion of heal wounds {unknown}
 j - 2 potions of might
 m - a potion of curing
 n - a potion of berserk rage {unknown}
 q - 2 potions of brilliance {unknown}
 t - 2 potions of degeneration {unknown}


   Skills:
 - Level 6.0 Fighting
 - Level 3.0 Short Blades
 - Level 3.0(3.6) Maces & Flails
 - Level 3.0(3.5) Staves
 - Level 2.0 Throwing
 + Level 4.0 Armour
 - Level 3.0 Dodging
 - Level 4.0 Shields


You had 7 spell levels left.
You didn't know any spells.
Your spell library contained the following spells:

 Spells                   Type           Power      Damage    Failure   Level
 Beastly Appendage        Tmut           0%         N/A       100%        1
 Foxfire                  Conj/Fire      0%         2x1d4     100%        1
 Magic Dart               Conj           0%         1d3       100%        1
 Summon Small Mammal      Summ           0%         N/A       100%        1
 Call Imp                 Summ           0%         N/A       100%        2
 Searing Ray              Conj           0%         3d3       100%        2
 Wereblood                Tmut           0%         N/A       100%        2
 Call Canine Familiar     Summ           0%         N/A       100%        3
 Conjure Flame            Conj/Fire      0%         6-21      100%        3
 Dazzling Flash           Conj/Hex       0%         N/A       100%        3
 Inner Flame              Hex/Fire       0%         N/A       100%        3
 Spider Form              Tmut/Pois      0%         N/A       100%        3
 Summon Guardian Golem    Hex/Summ       0%         N/A       100%        3
 Fulminant Prism          Conj/Hex       0%         3d6       100%        4
 Ice Form                 Ice/Tmut       0%         N/A       100%        4
 Iskenderun's Mystic Bla  Conj/Tloc      0%         2d3       100%        4
 Sticky Flame             Conj/Fire      0%         2d3       100%        4
 Summon Ice Beast         Ice/Summ       0%         N/A       100%        4
 Summon Lightning Spire   Summ/Air       0%         N/A       100%        4
 Blade Hands              Tmut           0%         N/A       100%        5
 Fireball                 Conj/Fire      0%         3d3       100%        5


Dungeon Overview and Level Annotations

Branches:
Dungeon (6/15)             Temple (1/1) D:6

Altars:
Ashenzari
Dithmenos
Kikubaaqudgha
Makhleb
Nemelex Xobeh
Okawaru
Ru
Trog
Uskayaw
Yredelemnul
Zin
The Shining One

Shops:
D:2 =


Innate Abilities, Weirdness & Mutations

You have large cloven feet.
You are partially covered in thin metallic scales. (AC +2)
You sometimes gain power by taking damage.


Message History

A magic dart appears from out of thin air!
The magic dart hits you.
* * * LOW HITPOINT WARNING * * *
You bump into the rock wall.
You feel less confused.
You feel sick. Something hits you but does no damage.
Your plate armour prevents you from hitting something.
You feel sick. Something hits you but does no damage.
You are more poisoned.
You barely miss something.
* * * LOW HITPOINT WARNING * * *
You feel very sick. Something completely misses you.
You barely miss something.
You feel sick.
You hear some strange, mumbled words.
A puff of flame appears from out of thin air!
The puff of flame hits you.
* * * LOW HITPOINT WARNING * * *
You hit something.
* * * LOW HITPOINT WARNING * * *
You feel sick.
You hear some strange, mumbled words.
Something tries to affect you, but you resist.
Okay, then.
You feel better.
You hear some strange, mumbled words.
A magic dart appears from out of thin air!
The magic dart hits you but does no damage.
You miss something.
You hear some strange, mumbled words.
Something tries to affect you, but you resist.
You closely miss something. Something hits you but does no damage.
You are poisoned.
Something hits you but does no damage.
You are lethally poisoned!
You sock something! Makhleb accepts your kill.
Reactivating autopickup.
You feel a bit more experienced.
You die...

.........# #.......
.........#######
#.......
........).......
.......>.
..........#####
##.###.##
...##+#...### #.# #.#
. +...'.# #.# #.#
#...#o# #.# #.#
#...#)# #<# #.#
#...#@# #.# #.##
#...#.# #######.###'..
#...#.# #....##......⌠
#...#.# #....##.......
#####.###....##.....##
#.........#.....#
#####.....#.....##
#.....##......
#.....##......


You could see an orc.

Vanquished Creatures
  An ice beast (D:5)
  2 black bears
  A necrophage (D:4)
  2 ogres (D:5)
  A scorpion (D:6)
  A bullfrog zombie (D:6)
  3 hounds
  3 orc priests
  A centaur skeleton (D:4)
  Natasha (thrice) (D:4)
  2 bullfrog skeletons
  2 iguanas (D:5)
  4 orc wizards
  7 gnolls
  5 adders
  A white imp (D:6)
  An ufetubus (D:5)
  An adder skeleton (D:5)
  A worm (D:2)
  2 dart slugs
  26 orcs
  8 endoplasms
  3 giant cockroaches
  11 hobgoblins
  18 jackals
  5 kobolds
  3 quokkas (D:2)
  10 ball pythons
  4 bats
  4 frilled lizards
  11 goblins
  7 rats
154 creatures vanquished.

Notes
Turn   | Place    | Note
-------+----------+-------------------------------------------
     0 | D:1      | sahdkjhfkaj the Demonspawn Gladiator began the quest for
                  | the Orb.
     0 | D:1      | Reached XP level 1. HP: 16/16 MP: 1/1
   266 | D:1      | Gained mutation: You have large cloven feet. [demonic
                  | ancestry]
   266 | D:1      | Reached XP level 2. HP: 19/22 MP: 2/2
   358 | D:1      | Reached skill level 1 in Short Blades
   507 | D:1      | Reached skill level 1 in Armour
   696 | D:1      | Reached XP level 3. HP: 18/27 MP: 3/3
  2012 | D:2      | Found Pume's Jewellery Shoppe.
  2045 | D:2      | Reached XP level 4. HP: 23/34 MP: 4/4
  2425 | D:2      | Reached skill level 3 in Fighting
  2902 | D:3      | Gained mutation: You are partially covered in thin metallic
                  | scales. (AC +2) [demonic ancestry]
  2902 | D:3      | Reached XP level 5. HP: 36/42 MP: 5/5
  3162 | D:3      | Reached skill level 4 in Fighting
  3959 | D:4      | Gained mutation: You sometimes gain a little power by
                  | taking damage. [demonic ancestry]
  3959 | D:4      | Reached XP level 6. HP: 38/48 MP: 6/6
  4476 | D:4      | Reached skill level 5 in Fighting
  4563 | D:4      | Reached skill level 1 in Shields
  4633 | D:4      | Noticed Natasha
  4640 | D:4      | Killed Natasha
  4691 | D:4      | Noticed Natasha
  4699 | D:4      | Killed Natasha
  5019 | D:4      | Identified the +1 falchion "Refesmya" {protect, rElec rF+
                  | Str+3}
  5075 | D:4      | Noticed Natasha
  5086 | D:4      | Killed Natasha
  5087 | D:4      | Reached XP level 7. HP: 43/56 MP: 7/7
  5804 | D:5      | Entered Level 5 of the Dungeon
  5814 | D:5      | Reached skill level 6 in Fighting
  6175 | D:5      | Found a shadowy altar of Dithmenos.
  6489 | D:5      | Gained mutation: You sometimes gain power by taking damage.
                  | [demonic ancestry]
  6489 | D:5      | Reached XP level 8. HP: 31/64 MP: 8/8
  7019 | D:6      | Reached skill level 1 in Maces & Flails
  7298 | D:6      | Found a staircase to the Ecumenical Temple.
  7315 | Temple   | Entered the Ecumenical Temple
  7396 | Temple   | Became a worshipper of Makhleb the Destroyer
  7505 | D:6      | HP: 3/64 [something/puff of flame (1)]
  7510 | D:6      | Succumbed to an orc wizard's poison

Illustrated notes

Levels and vault maps discovered:
D:1:      minmay_arrival_open_corners, layout_loops_corners
D:2:      layout_loops_ring, serial_shops, shop_fountains
D:3:      cheibrodos_greedy_goblins, layout_basic, minmay_bisected
D:4:      black_bear_nest_2, layout_loops_ring, tso_metal_star, uniq_natasha
D:5:      layout_rooms, nicolae_dithmenos_the_darkroom
D:6:      layout_basic, general_overflow_altar, lemuel_round_altar,
          minmay_temple_entry_junction, chequers_serial_rivers_large_a
Temple:   eino_temple_lava

Skill      XL: |  1  2  3  4  5  6  7  8 |
---------------+-------------------------+-----
Staves         | 3 |  3.0
Throwing       | 2 |  2.0
Short Blades   | 1 2 3 |  3.0
Armour         | 1 2 3 4 |  4.0
Fighting       | 3 4 5 6 |  6.0
Dodging        | 3 |  3.0
Shields        | 1 3 4 |  4.0
Maces & Flails | 3 |  3.0

Action                   |  1- 3 |  4- 6 |  7- 9 || total
-------------------------+-------+-------+-------++-------
Melee: Quarterstaff      |   135 |   314 |   154 ||   603
       Kick              |     5 |       |       ||     5
       Falchion          |       |     8 |    36 ||    44
Throw: Throwing net      |     1 |     1 |       ||     2
  Use: Scroll            |     1 |     3 |       ||     4
       Potion            |       |       |     1 ||     1
 Stab: Sleeping          |     1 |       |       ||     1
Armor: Leather armour    |    32 |       |       ||    32
       Ring mail         |     8 |     3 |       ||    11
       Plate armour      |       |   304 |   187 ||   491
Dodge: Dodged            |    79 |   113 |    74 ||   266
       Rpst.: Falchion   |       |     1 |     9 ||    10

Table legend: (Time is in decaauts)
 A = Elapsed time spent in this place.
 B = Non-inter-level travel time spent in this place.
 C = Inter-level travel time spent in this place.
 D = Time resting spent in this place.
 E = Time spent auto-exploring this place.
 F = Levels seen in this place.
 G = Mean time per level.
                   A        B        C        D        E       F      G
               +--------+--------+--------+--------+--------+-----+--------+
         Total |   7630 |   7328 |    302 |    719 |   5311 |   7 | 1090.0 |
       Dungeon |   7539 |   7258 |    281 |    719 |   5243 |   6 | 1256.5 |
        Temple |     90 |     69 |     21 |      0 |     68 |   1 |   90.0 |
               +--------+--------+--------+--------+--------+-----+--------+

Top non-repeatable levels by time:
     D:4: 1985 daAuts
     D:1: 1698 daAuts
     D:2: 1256 daAuts
     D:3: 1218 daAuts
     D:5: 894 daAuts
     D:6: 486 daAuts
  Temple: 90 daAuts
